 Dungeon Crawl Stone Soup version 0.31-a0-370-g25055926c8 (webtiles) character file.

Game seed: 7044961206460574064

1 AdnanSaban the Covered (level 1, -4/14 HPs)
             Began as a Gargoyle Fighter on July 29, 2023.
             Frozen to death by an endoplasm (5 damage)
             ... on level 1 of the Dungeon.
             The game lasted 00:00:10 (46 turns).

AdnanSaban the Covered (Gargoyle Fighter)             Turns: 46, Time: 00:00:11

Health: -4/14      AC:  9    Str: 19    XL:     1   Next: 20%
Magic:  1/1        EV:  9    Int:  8    God:
Gold:   9          SH:  4    Dex:  9    Spells: 0/0 levels left

rFire   . . .        a - +0 flail
rCold   . . .        c - +0 buckler
rNeg    + . .        b - +0 scale mail
rPois   ∞            (no helmet)
rElec   +            (no cloak)
rCorr   .            (no gloves)
SInv    .            (no boots)
Will    .....        (no amulet) Stlth
                     (no ring)
HPRegen 0.22/turn    (no ring)
MPRegen 0.07/turn

%: no passive effects
@: no status effects
A: sickness immunity, AC +2, negative energy resistance 1, electricity
resistance, torment resistance 1, petrification resistance
a: no special abilities


You were on level 1 of the Dungeon.
You visited 1 branch of the dungeon, and saw 1 of its levels.

You collected 9 gold pieces.

Inventory:

Hand Weapons
 a - a +0 flail (weapon)
Armour
 b - a +0 scale mail (worn)
 c - a +0 buckler (worn)
 e - a +0 tower shield
Potions
 d - a potion of might


   Skills:
 + Level 3.3 Fighting
 + Level 2.0 Maces & Flails
 + Level 3.3 Armour
 + Level 3.3 Shields


You couldn't memorise any spells.
You didn't know any spells.
Your spell library was empty.

Dungeon Overview and Level Annotations

Branches:
Dungeon (1/15)

Altars:


Innate Abilities, Weirdness & Mutations

You are immune to sickness and miasma.
Your stone body is resilient. (AC +2)
You are immune to poison.
You resist negative energy. (rN+)
You are resistant to electric shocks. (rElec)
You are resistant to unholy torment.
You are immune to petrification.


Message History

No target in view!
No target in view!
No target in view!
Found a dagger.
A kobold comes into view.
It is wielding a +0 short sword of speed.
The kobold shouts!
A kobold is nearby!
An endoplasm comes into view.
The endoplasm quivers.
The kobold hits you but does no damage.
A goblin comes into view. It is wielding a +0 club.
The goblin shouts!
You hit the kobold but do no damage.
You hear an angry hiss.
The kobold hits you but does no damage.
The kobold hits you with a +0 short sword of speed.
You closely miss the kobold. The kobold hits you but does no damage.
You block the kobold's attack.
You hit the kobold but do no damage. The kobold hits you but does no damage.
The kobold barely misses you.
You hit the endoplasm.
The endoplasm is lightly wounded.
The kobold closely misses you. The endoplasm freezes you.
You are frozen.
The kobold closely misses you.
You barely miss the endoplasm.
The endoplasm is lightly wounded.
The endoplasm freezes you.
You are frozen.
The kobold hits you but does no damage. The kobold misses you.
The endoplasm freezes you.
You are frozen.
* * * LOW HITPOINT WARNING * * *
The goblin hits you with a +0 club.
* * * LOW HITPOINT WARNING * * *
The kobold attacks as you move away! You block the kobold's attack.
The kobold throws a stone.
The stone hits you but does no damage. The goblin closely misses you.
The endoplasm freezes you.
You are frozen.
You die...

###### ##...<#
#....## ###....#
#.....###......# .
##.##.........###
.. #..##.......###
#.###.###÷.....##
##.)...###÷.##.÷#
.........##..##..#
####...J@##÷.....#
#.....g########
#.....K......
#.....#......
#.....#......
#.....#......
######. ..... .
..... . ....


You could see an endoplasm, a goblin and a kobold.

Vanquished Creatures
  An endoplasm (D:1)
1 creature vanquished.

Notes
Turn   | Place    | Note
-------+----------+-------------------------------------------
     0 | D:1      | AdnanSaban the Gargoyle Fighter began the quest for the
                  | Orb.
     0 | D:1      | Reached XP level 1. HP: 14/14 MP: 1/1
    46 | D:1      | Frozen to death by an endoplasm

Illustrated notes

Levels and vault maps discovered:
D:1:      amcnicky_arrival_wind_blow, layout_basic

Action                     || total
---------------------------++-------
  Melee: Flail             ||     6
 Armour: Scale mail        ||     6
  Dodge: Dodged            ||     5
  Block: Buckler           ||     2

Table legend: (Time is in decaauts)
 A = Elapsed time spent in this place.
 B = Non-inter-level travel time spent in this place.
 C = Inter-level travel time spent in this place.
 D = Time resting spent in this place.
 E = Time spent auto-exploring this place.
 F = Levels seen in this place.
 G = Mean time per level.
                   A        B        C        D        E       F      G
               +--------+--------+--------+--------+--------+-----+--------+
         Total |     48 |     48 |      0 |      0 |     19 |   1 |   48.0 |
       Dungeon |     48 |     48 |      0 |      0 |     19 |   1 |   48.0 |
               +--------+--------+--------+--------+--------+-----+--------+

Top non-repeatable levels by time:
     D:1: 48 daAuts
